 Dungeon Crawl Stone Soup version 0.28-b1-25-g9875b3fc8c (webtiles) character file.

Game seed: 8686065636682947422

124 crazypyro the Cudgeller (level 4, -4/31 (34) HPs)
             Began as a Demonspawn Gladiator on Feb 1, 2022.
             Slain by a wight (7 damage)
             ... on level 4 of the Dungeon.
             The game lasted 00:04:02 (2779 turns).

crazypyro the Cudgeller (Demonspawn Gladiator)      Turns: 2779, Time: 00:04:03

HP:   -4/31 (34)    AC:  8    Str: 16    XL:     4   Next: 81%
MP:   4/4           EV: 11    Int:  9    God:
Gold: 85            SH:  0    Dex: 15    Spells: 3/3 levels left

rFire   . . .      SeeInvis .   a - +0 flail
rCold   . . .      Faith    .   (no shield)
rNeg    . . .      Spirit   .   n - +0 scale mail
rPois   .          Reflect  .   c - +1 helmet
rElec   .          Harm     .   (no cloak)
rCorr   .          Rampage  .   (no gloves)
Will    .....                   (no boots)
Stlth   +.........              (no amulet)
HPRegen 0.10/turn               (no ring)
MPRegen 0.09/turn               (no ring)

@: drained
A: spiny 2, sturdy frame 1
a: no special abilities


You were on level 4 of the Dungeon.
You visited 1 branch of the dungeon, and saw 4 of its levels.

You collected 85 gold pieces.

Inventory:

Hand Weapons
 a - a +0 flail (weapon)
Missiles
 d - 3 throwing nets (quivered)
Armour
 b - a +0 leather armour
 c - a +1 helmet (worn)
 l - a +0 ring mail
 n - a +0 scale mail (worn)
Jewellery
 m - a ring of wizardry
Scrolls
 i - 2 scrolls of identify
Potions
 f - a potion of resistance
 g - a potion of cancellation
 h - a potion of invisibility
 j - 2 potions of haste {unknown}
 k - a potion of heal wounds {unknown}


   Skills:
 - Level 2.5 Fighting
 + Level 3.6 Maces & Flails
 - Level 1.8 Throwing
 + Level 1.7 Armour
 + Level 3.5 Dodging


You had 3 spell levels left.
You didn't know any spells.
Your spell library contained the following spells:

 Spells                   Type           Power      Damage    Failure   Level
 Foxfire                  Conj/Fire      0%         2x1d4     67%         1
 Corpse Rot               Necr/Air       0%         N/A       80%         2
 Poisonous Vapours        Pois/Air       0%         N/A       80%         2
 Conjure Flame            Conj/Fire      0%         6-21      95%         3
 Inner Flame              Hex/Fire       0%         N/A       95%         3
 Flame Wave               Conj/Fire      0%         2d4       100%        4


Dungeon Overview and Level Annotations

Branches:
Dungeon (4/15)
 Temple: D:4-7

Altars:

Shops:
D:3 (


Innate Abilities, Weirdness & Mutations

You are mostly covered in sharp spines.
Your movements are slightly less encumbered by armour. (ER -2)


Message History

Found a long sword.
You see here a +0 long sword.
A sourceless malevolence fills the Dungeon... and a teleportation trap spontaneously manifests!
You are yanked towards a nearby monster!
Your surroundings suddenly seem different.
A wight comes into view.
It is wielding a +0 hand axe. 3 wights come into view.
A wight is wielding a +2 long sword of freezing.
You barely miss the wight. The wight hits you with a +0 hand axe.
You feel drained.
You closely miss the wight. The wight is struck by your spines.
The wight hits you with a +2 long sword of freezing!
The wight freezes you. The wight hits you but does no damage.
The wight hits you with a +0 hand axe!
You feel drained.
A shadow imp comes into view.
The shadow imp shouts, "Begone, thou grime-gilt onion-eyed wormtrail!"
The wight hits you with a +2 long sword of freezing.
The wight freezes you.
Found a scroll labelled TEG HAT LEORGH.
The wight hits you with a +7 long sword.
* * * LOW HITPOINT WARNING * * *
You feel drained.
* * * LOW HITPOINT WARNING * * *
The wight barely misses you. The shadow imp gestures at you.
Pain shoots through your body!
* * * LOW HITPOINT WARNING * * *
Found a stone staircase leading down.
Found a scroll of teleportation.
The shadow imp is struck by your spines.
The shadow imp hits you but does no damage.
You see here a scroll labelled TEG HAT LEORGH.
As you read the scroll labelled BALIPP VIEFAOT, it crumbles to dust.
You assume a fearsome visage.
The wight is unaffected. x4
The shadow imp looks frightened!
It was a scroll of fear.
The wight closely misses you. The wight barely misses you.
Unknown command.
The wight is struck by your spines. The wight barely misses you.
The wight hits you with a +7 long sword!
You die...

#...........
#.....5...#+#
#.........#.###
#.........#>...
#.............#
#######z...##.#
#?z..##.#.#
#.zz.......
#..@.####
#.........#
#....######
#....# #....#
######


You could see 4 wights and a shadow imp (fleeing).

Vanquished Creatures
  4 gnolls (D:3)
  3 adders (D:3)
  2 worms (D:2)
  3 dart slugs (D:1)
  4 ball pythons
  5 endoplasms
  A giant cockroach (D:1)
  5 goblins
  2 hobgoblins
  9 kobolds
  4 bats
  9 frilled lizards
  A rat (D:1)
52 creatures vanquished.

Vanquished Creatures (others)
  A plant (D:1)
1 creature vanquished.

Grand Total: 53 creatures vanquished

Notes
Turn   | Place    | Note
-------+----------+-------------------------------------------
     0 | D:1      | crazypyro the Demonspawn Gladiator began the quest for the
                  | Orb.
     0 | D:1      | Reached XP level 1. HP: 16/16 MP: 1/1
   132 | D:1      | Found a faded altar of an unknown god.
   179 | D:1      | Gained mutation: Your movements are slightly less
                  | encumbered by armour. (ER -2) [demonic ancestry]
   179 | D:1      | Reached XP level 2. HP: 20/22 MP: 2/2
   616 | D:1      | Gained mutation: You are partially covered in sharp spines.
                  | [demonic ancestry]
   616 | D:1      | Reached XP level 3. HP: 18/28 MP: 3/3
  1613 | D:3      | Found Ibaf's Weapon Boutique.
  1745 | D:3      | Reached skill level 1 in Armour
  1768 | D:3      | Gained mutation: You are mostly covered in sharp spines.
                  | [demonic ancestry]
  1768 | D:3      | Reached XP level 4. HP: 19/34 MP: 4/4
  2779 | D:4      | Slain by a wight

Illustrated notes

Levels and vault maps discovered:
D:1:      lightli_arrival_farm, layout_rooms, hellmonk_ecumenical_altar_zigzags,
          serial_bayou_pond_b, grunt_decor_junction, hangedman_decor_riveting,
          hangedman_abyss_or_decor_lesser_grid, minmay_lizard_pond
D:2:      layout_basic
D:3:      layout_basic, serial_shops, shop, grunt_ministairs_4
D:4:      layout_basic, serial_shops, shop

Skill      XL: |  1  2  3 |
---------------+----------+-----
Maces & Flails | 3 |  3.6
Dodging        | 3 |  3.5
Armour         | 1 |  1.7
Fighting       | |  2.5
Throwing       | |  1.8

Action                   |  1- 3 |  4- 6 || total
-------------------------+-------+-------++-------
Melee: Flail             |   107 |    24 ||   131
       Punch             |     3 |       ||     3
  Use: Scroll            |     5 |     1 ||     6
       Potion            |       |     1 ||     1
 Stab: Sleeping          |     1 |       ||     1
Armor: Leather armour    |    36 |       ||    36
       Ring mail         |     1 |     8 ||     9
       Scale mail        |       |     2 ||     2
Dodge: Dodged            |    70 |    19 ||    89
